 Dungeon Crawl Stone Soup version 0.14.0-26-g1682e81 (webtiles) character file.

6655 Maka the Grappler (level 10, 0/88 HPs)
             Began as a Troll Monk on Apr 27, 2014.
             Killed from afar by Fannar (22 damage)
             ... with a bolt of cold
             ... on Level 10 of the Dungeon.
             The game lasted 00:17:22 (4558 turns).

Maka the Grappler (Troll Monk)                      Turns: 4558, Time: 00:17:23

HP   0/88        AC  8     Str 26      XL: 10   Next: 66%
MP   4/4         EV 16     Int  6      God:
Gold 254         SH  0     Dex 15      Spells:  0 memorised,  9 levels left

rFire  + . .     SeeInvis .       - Unarmed
rCold  + . .     Clarity  .     f - +2 robe {rC+ rF+}
rNeg   . . .     Conserve .     (shield restricted)
rPois  .         rCorr    .     (helmet restricted)
rElec  .         rRot     .     k - +0 cloak
SustAb . .       Spirit   .     (gloves unavailable)
rMut   .         Warding  .     (boots unavailable)
Gourm  +         Stasis   .     (no amulet)
MR     .....                    (no ring)
                                (no ring)

@: mighty, not resistant to hostile enchantments, unstealthy
A: unfitting armour, claws 3, fast metabolism 3, gourmand, regeneration 2,
saprovore 2, shaggy fur 1, tough skin 2
a: no special abilities


You were on level 10 of the Dungeon.
You were not hungry.

You visited 1 branch of the dungeon, and saw 10 of its levels.
You also visited: Sewer.

You collected 401 gold pieces.
You spent 147 gold pieces at shops.

Inventory:

Missiles
 d - 7 javelins (quivered)
Armour
 f - a +2 robe of resistance (worn)
 k - a +0 cloak (worn)
Magical devices
 e - a wand of draining (0)
 j - a wand of random effects (11)
 u - a wand of slowing (3)
 y - a wand of slowing (11)
Comestibles
 b - 4 meat rations
 g - 3 bread rations
Scrolls
 p - a scroll of remove curse
 s - 4 scrolls of teleportation
 v - 2 scrolls of fear
Potions
 a - a potion of mutation {unknown}
 c - a potion of flight
 h - a potion of invisibility {unknown}
 l - a potion of brilliance
 n - a potion of paralysis {unknown}
 r - a potion of confusion {unknown}
Books
 q - a book of Ice

   Spells                             Type                      Level
   Freezing Aura                      Charms/Ice                   2
   Metabolic Englaciation             Hexes/Ice                    5
   Ozocubu's Refrigeration            Ice                          6
   Bolt of Cold                       Conjuration/Ice              6
   Freezing Cloud                     Conjuration/Ice/Air          6
   Simulacrum                         Ice/Necromancy               6


   Skills:
 - Level 2.4 Fighting
 + Level 10.0 Dodging
 - Level 1.1 Stealth
 - Level 12.0 Unarmed Combat


You had 9 spell levels left.
You didn't know any spells.

Dungeon Overview and Level Annotations

Branches:
Dungeon (10/15)               Orc (0/4) D:9
 Temple: D:4-7         Lair: D:8-11

Altars:
Nemelex Xobeh
Xom

Shops:
D:6 !

Annotations:
D:4 Prince Ribbit, Sigmund
D:10 Fannar


Innate Abilities, Weirdness & Mutations

You are too large for most types of armour.
You have claws for hands.
Your metabolism is lightning-fast.
You like to eat raw meat.
You heal very quickly.
You can eat rotten meat.
You are covered in fur (AC +1).
You have very tough skin (AC +2).


Message History

Fannar is lightly wounded.
Fannar hits you with a quarterstaff of freezing!
* * * LOW HITPOINT WARNING * * *
Fannar freezes you.
* * * LOW HITPOINT WARNING * * *
Drink which item? (? for menu, Esc to quit)
You feel very mighty all of a sudden.
You mangle Fannar!!
Fannar is heavily wounded.
Fannar gestures wildly while chanting.
Fannar drains the heat from the surrounding environment!
You resist.
You feel very cold.
* * * LOW HITPOINT WARNING * * *
One of your 2 potions of brilliance freezes and shatters!
Fannar is frozen.
Fannar resists.
Drink which item? (? for menu, Esc to quit)
You feel better.
Fannar points at you and mumbles some strange words.
The bolt of cold hits you! You resist.
You die...

#.###..$#F?.? ####.#
...#... .....# #B.....
###..####......
#..##.##.... #..##.####F
## #..##.##.# #####.#
#..##.##.###.....####..
#.............@e..<...#
###.###.#)######.########
....# #.#)# #.# #####
#.#.# #.# #.#)# #.. #.#.#
### #.[(# ###.# #.#


You could see Fannar (bleeding).

Vanquished Creatures
  Erolcha (D:9)
  A hill giant (D:9)
  Maurice (D:10)
  A troll (D:10)
  2 hill giant zombies
  5 yaks (D:9)
  A deep elf fighter (D:8)
  2 hungry ghosts
  2 sky beasts (D:5)
  A necrophage (D:6)
  2 phantoms (D:9)
  A yellow wasp (D:8)
  An ice beast (D:8)
  3 ogres
  A black bear (D:9)
  2 orc warriors
  3 centaurs
  A crocodile (D:9)
  2 giant frogs
  A water moccasin zombie (D:6)
  5 scorpions
  9 killer bees
  2 troll zombies (D:9)
  2 wights
  2 jellies (D:8)
  2 goliath beetles
  A crimson imp (D:6)
  A quasit (D:6)
  3 orc priests
  5 hounds
  2 gnoll shamans (D:8)
  5 orc wizards
  2 iguanas
  4 worker ants
  4 ogre zombies (D:9)
  Jessica (D:2)
  5 adders
  15 gnolls
  3 green rats (D:6)
  5 orc skeletons (D:9)
  A giant mite (D:4)
  5 worms
  2 shadow imps
  An adder zombie (D:6)
  2 giant eyeballs
  A giant gecko (D:4)
  13 orcs
  7 hobgoblins
  8 kobolds
  2 quokkas
  4 ball pythons
  6 bats
  2 giant cockroaches
  2 giant gecko skeletons
  9 giant newts
  9 goblins
  A goblin skeleton (D:9)
  3 goblin zombies (D:9)
  2 hobgoblin skeletons (D:9)
  4 hobgoblin zombies (D:9)
  A kobold skeleton (D:7)
  6 orc zombies (D:9)
  4 rats
207 creatures vanquished.

Notes
Turn   | Place    | Note
--------------------------------------------------------------
     0 | D:1      | Maka, the Troll Monk, began the quest for the Orb.
     0 | D:1      | Reached XP level 1. HP: 22/22 MP: 1/1
   187 | D:2      | Reached XP level 2. HP: 29/29 MP: 1/1
   200 | D:2      | Reached skill level 5 in Unarmed Combat
   200 | D:2      | Reached XP level 3. HP: 16/36 MP: 2/2
   296 | D:2      | Noticed Jessica
   301 | D:2      | Killed Jessica
   421 | D:2      | Reached XP level 4. HP: 44/44 MP: 2/2
   587 | D:3      | Reached skill level 6 in Unarmed Combat
   588 | D:3      | Reached XP level 5. HP: 48/50 MP: 2/2
   765 | D:3      | Reached skill level 7 in Unarmed Combat
   793 | D:3      | Reached XP level 6. HP: 44/59 MP: 3/3
  1104 | D:4      | Noticed Sigmund
  1105 | D:4      | Noticed Prince Ribbit
  1254 | D:4      | Found a shimmering altar of Xom.
  1257 | D:4      | Found a sparkling altar of Nemelex Xobeh.
  1328 | D:5      | Entered Level 5 of the Dungeon
  1335 | D:5      | Reached skill level 8 in Unarmed Combat
  1592 | D:5      | Reached XP level 7. HP: 66/66 MP: 3/3
  1759 | D:5      | Reached skill level 5 in Dodging
  1885 | D:6      | Found a glowing drain.
  1951 | Sewer    | Entered a sewer
  2286 | D:6      | Found Pezoshr Ekhe's Distillery.
  2303 | D:6      | Reached XP level 8. HP: 70/74 MP: 3/3
  2319 | D:6      | Bought 2 potions of might for 70 gold pieces
  2319 | D:6      | Bought a potion of heal wounds for 42 gold pieces
  2319 | D:6      | Bought a potion of agility for 35 gold pieces
  2823 | D:8      | Reached skill level 9 in Unarmed Combat
  3129 | D:8      | Reached XP level 9. HP: 80/80 MP: 4/4
  3176 | D:8      | Reached skill level 10 in Unarmed Combat
  3204 | D:8      | Paralysed by a yellow wasp for 2 turns
  3212 | D:8      | Paralysed by a yellow wasp for 2 turns
  3449 | D:9      | Noticed a hill giant
  3459 | D:9      | Killed a hill giant
  3459 | D:9      | Reached skill level 11 in Unarmed Combat
  3504 | D:9      | Reached skill level 12 in Unarmed Combat
  3512 | D:9      | HP: 2/80 [yak (8)]
  3543 | D:9      | Noticed Erolcha
  3561 | D:9      | Killed Erolcha
  3561 | D:9      | Reached XP level 10. HP: 45/88 MP: 4/4
  3658 | D:9      | Found a staircase to the Orcish Mines.
  4377 | D:10     | Entered Level 10 of the Dungeon
  4396 | D:10     | Noticed Maurice
  4417 | D:10     | Killed Maurice
  4489 | D:10     | Paralysed by a giant eyeball for 3 turns
  4525 | D:10     | Reached skill level 10 in Dodging
  4544 | D:10     | Noticed Fannar
  4558 | D:10     | Killed from afar by Fannar

Action                   |  1- 3 |  4- 6 |  7- 9 | 10-12 || total
-------------------------+-------+-------+-------+-------++-------
Melee: Unarmed           |    44 |   120 |   320 |   201 ||   685
Evoke: Wand              |       |       |     7 |     1 ||     8
  Use: Scroll            |       |     6 |     6 |     2 ||    14
       Potion            |       |       |    11 |     2 ||    13
 Stab: Sleeping          |     1 |     1 |     1 |     2 ||     5
       Distracted        |       |       |     1 |     1 ||     2
